 Dungeon Crawl Stone Soup version 0.28-a0-697-g47f3eba078 (webtiles) character file.

Game seed: 10606373496648593187

371 a11behringer the Slasher (level 7, -1/53 HPs)
             Began as a Formicid Fighter on Oct 24, 2021.
             Was a Follower of Makhleb.
             Slain by an orc warrior (3 damage)
             ... on level 5 of the Dungeon.
             The game lasted 00:11:14 (4363 turns).

a11behringer the Slasher (Formicid Fighter)         Turns: 4363, Time: 00:11:15

Health: -1/53      AC:  7    Str: 22    XL:     7   Next: 2%
Magic:  7/7        EV: 10    Int:  7    God:    Makhleb [*.....]
Gold:   171        SH:  5    Dex: 11    Spells: 6/6 levels left

rFire   . . .      SeeInvis +   a - +1 long sword
rCold   . . .      Faith    .   c - +0 buckler
rNeg    . . .      Spirit   .   b - +0 scale mail
rPois   .          Reflect  .   (helmet unavailable)
rElec   .          Harm     .   (no cloak)
rCorr   .          Rampage  .   (no gloves)
Will    .....                   (no boots)
Stlth   ..........              (no amulet)
HPRegen 0.17/turn               (no ring)
MPRegen 0.10/turn               (no ring)

@: no status effects
A: permanent stasis, dig shafts and tunnels, antennae 3, four strong arms
a: Dig, Shaft Self, Renounce Religion


You were on level 5 of the Dungeon.
You worshipped Makhleb.
Makhleb was aware of your devotion.
You visited 1 branch of the dungeon, and saw 5 of its levels.

You collected 171 gold pieces.

Inventory:

Hand Weapons
 a - a +1 long sword (weapon)
 j - a +0 hunting sling
Missiles
 f - 48 arrows
 g - 26 sling bullets
Armour
 b - a +0 scale mail (worn)
 c - a +0 buckler (worn)
 e - a +0 kite shield
Jewellery
 k - an amulet of guardian spirit
Wands
 l - a wand of flame (19)
Potions
 d - a potion of might
 h - a potion of haste {unknown}
 i - 2 potions of curing
 m - a potion of flight {unknown}


   Skills:
 + Level 3.9 Fighting
 * Level 5.2 Long Blades
 + Level 4.4 Armour
 + Level 0.8 Dodging
 + Level 4.7 Shields


You had 6 spell levels left.
You didn't know any spells.
Your spell library contained the following spells:

 Spells                   Type           Power      Damage    Failure   Level
 Animate Skeleton         Necr           0%         N/A       75%         1
 Apportation              Tloc           0%         N/A       75%         1
 Summon Small Mammal      Summ           0%         N/A       75%         1
 Sublimation of Blood     Necr           0%         N/A       87%         2
 Wereblood                Tmut           0%         N/A       87%         2
 Summon Hydra             Summ           0%         N/A       100%        7


Dungeon Overview and Level Annotations

Branches:
Dungeon (5/15)             Temple (0/1) D:4

Altars:
Elyvilon
Fedhas
Makhleb
Nemelex Xobeh
Xom


Innate Abilities, Weirdness & Mutations

You cannot be hasted, slowed, berserked, paralysed or teleported.
You can dig through walls and to a lower floor.
You have a pair of large antennae on your head. (SInv)
Your four strong arms can wield two-handed weapons with a shield.


Message History

You dig through the rock wall.
You dig through the rock wall.
You dig through the rock wall.
You dig through the rock wall.
You dig through the rock wall.
You dig through the rock wall.
The orc warrior hits you with a +0 short sword.
You retract your mandibles.
You hit the orc warrior.
The orc warrior is lightly wounded.
The orc warrior hits you with a +0 short sword!
You hit the orc warrior but do no damage.
The orc warrior is lightly wounded.
The orc warrior closely misses you.
You hit the orc warrior but do no damage.
The orc warrior is lightly wounded.
The orc warrior hits you with a +0 short sword!
You slash the orc warrior!
The orc warrior is moderately wounded.
The orc warrior hits you with a +0 short sword.
You hit the orc warrior.
The orc warrior is heavily wounded.
The orc warrior hits you with a +0 short sword.
The orc wizard casts a spell.
The orc wizard flickers and vanishes for a moment.
You slash the orc warrior!
The orc warrior is severely wounded.
You block the orc warrior's attack.
You hit the orc warrior.
The orc warrior is severely wounded.
The orc warrior closely misses you.
The orc warrior hits you with a +0 short sword!
* * * LOW HITPOINT WARNING * * *
You hit the orc warrior but do no damage.
The orc warrior is severely wounded.
The orc warrior hits you with a +0 short sword!
* * * LOW HITPOINT WARNING * * *
You completely miss the orc warrior.
The orc warrior is severely wounded.
The orc warrior hits you with a +0 short sword.
You die...

## ##.## ....
#..### . #....#
... #.#.o#....
#######.#....#.#
#@ooooo.<.......
#########.#....#
## ###


You could see an orc warrior, an orc wizard (invisible) and 3 orcs.

Vanquished Creatures
  A phantom (D:3)
  A scorpion (D:4)
  A crimson imp (D:3)
  An orc priest (D:3)
  An iguana (D:4)
  A howler monkey skeleton (D:4)
  A gnoll (D:1)
  4 adders
  An adder skeleton (D:4)
  A dart slug (D:4)
  6 orcs (D:3)
  8 ball pythons
  6 bats
  2 endoplasms
  4 giant cockroaches
  11 goblins
  10 hobgoblins
  9 jackals (D:2)
  A quokka (D:4)
  2 frilled lizards
  3 kobolds
  4 rats
79 creatures vanquished.

Vanquished Creatures (others)
  3 plants (D:3)
3 creatures vanquished.

Grand Total: 82 creatures vanquished

Notes
Turn   | Place    | Note
-------+----------+-------------------------------------------
     0 | D:1      | a11behringer the Formicid Fighter began the quest for the
                  | Orb.
     0 | D:1      | Reached XP level 1. HP: 18/18 MP: 1/1
   295 | D:1      | Reached XP level 2. HP: 24/24 MP: 2/2
   384 | D:1      | Reached XP level 3. HP: 21/29 MP: 3/3
  1348 | D:2      | Reached XP level 4. HP: 34/35 MP: 4/4
  1473 | D:2      | Found a faded altar of an unknown god.
  1818 | D:3      | Found a shimmering altar of Xom.
  1818 | D:3      | Found a burning altar of Makhleb.
  1832 | D:3      | Reached skill level 3 in Long Blades
  1835 | D:3      | Became a worshipper of Makhleb the Destroyer
  1955 | D:3      | Found a sparkling altar of Nemelex Xobeh.
  1999 | D:3      | Reached XP level 5. HP: 10/42 MP: 5/5
  2715 | D:3      | Noticed a phantom
  2726 | D:3      | Killed a phantom
  2727 | D:3      | Reached skill level 4 in Long Blades
  2727 | D:3      | Reached XP level 6. HP: 32/48 MP: 6/6
  2945 | D:3      | Found a white marble altar of Elyvilon.
  3327 | D:4      | Found a blossoming altar of Fedhas.
  3552 | D:4      | Reached * piety under Makhleb
  3825 | D:4      | Reached skill level 5 in Long Blades
  3985 | D:4      | Identified the +5 whip of Rewuniq {venom, *Rage rN+++ SInv
                  | Stlth-}
  4166 | D:4      | Reached XP level 7. HP: 51/53 MP: 7/7
  4287 | D:4      | Found a staircase to the Ecumenical Temple.
  4347 | D:5      | Entered Level 5 of the Dungeon
  4362 | D:5      | HP: 2/53 [orc warrior (11)]
  4363 | D:5      | Slain by an orc warrior

Illustrated notes

Levels and vault maps discovered:
D:1:      shiori_arrival_oz, layout_loops_corners
D:2:      layout_basic, serial_curves, eino_curves_04, eino_curves_02,
          ebering_ecumenical_altar_rust, kennysheep_donut
D:3:      layout_basic, grunt_temple_overflow_champion_of_chaos,
          nicolae_elyvilon_temple_path, nemelex_xobeh_ov_fountains_minmay
D:4:      layout_loops_cross, fedhas_altar_2, minmay_temple_entry_butterflies
D:5:      layout_loops_ring, grunt_gozag_breadcrumbs,
          kennysheep_generic_room_13, uniq_crazy_yiuf_cottage, uniq_pikel,
          uniq_menkaure, uniq_blork_the_orc

Skill      XL: |  1  2  3  4  5  6 |
---------------+-------------------+-----
Shields        | 4 |  4.7
Long Blades    | 3 4 5 |  5.2
Armour         | 4 |  4.4
Fighting       | |  3.9
Dodging        | |  0.8

Action                   |  1- 3 |  4- 6 |  7- 9 || total
-------------------------+-------+-------+-------++-------
Melee: Long sword        |    94 |   128 |     9 ||   231
 Abil: Dig               |       |     3 |     1 ||     4
  Use: Scroll            |     2 |     6 |       ||     8
Armor: Scale mail        |    67 |    48 |       ||   115
Dodge: Dodged            |    56 |    63 |     2 ||   121
Block: Buckler           |    35 |    35 |     1 ||    71

Table legend: (Time is in decaauts)
 A = Elapsed time spent in this place.
 B = Non-inter-level travel time spent in this place.
 C = Inter-level travel time spent in this place.
 D = Time resting spent in this place.
 E = Time spent auto-exploring this place.
 F = Levels seen in this place.
 G = Mean time per level.
                   A        B        C        D        E       F      G
               +--------+--------+--------+--------+--------+-----+--------+
         Total |   4417 |   3953 |    464 |      0 |   3293 |   5 |  883.4 |
       Dungeon |   4417 |   3953 |    464 |      0 |   3293 |   5 |  883.4 |
               +--------+--------+--------+--------+--------+-----+--------+

Top non-repeatable levels by time:
     D:3: 1524 daAuts
     D:1: 1050 daAuts
     D:4: 1028 daAuts
     D:2: 795 daAuts
     D:5: 18 daAuts
